 Dungeon Crawl Stone Soup version 0.23-a0-767-gdc19b93d68 (webtiles) character file.

95 EnegeticOcto the Caller (level 4, 15/30 HPs)
             Began as a Vampire Summoner on Jan 21, 2019.
             Was a Follower of Vehumet.
             Quit the game on level 3 of the Dungeon.
             The game lasted 00:07:54 (4235 turns).

EnegeticOcto the Caller (Vampire Summoner)          Turns: 4235, Time: 00:07:55

Health: 15/30      AC:  2    Str:  7    XL:     4   Next: 39%
Magic:  2/8        EV: 27    Int: 18    God:    Vehumet [*.....]
Gold:   187        SH:  0    Dex: 14    Spells: 2/9 levels left

rFire    . . .     SeeInvis +   (no weapon)
rCold    . . .     Gourm    .   (no shield)
rNeg     + + .     Faith    .   a - +0 robe
rPois    .         Spirit   .   (no helmet)
rElec    .         Reflect  .   (no cloak)
rCorr    .         Harm     .   (no gloves)
MR       .....                  (no boots)
Stlth    ++........             h - amulet of the acrobat
HPRegen  0.10/turn              j - ring of wizardry
MPRegen  0.11/turn              i - ring of positive energy

@: acrobat, very slightly contaminated
A: fangs 3, see invisible, unbreathing
a: Bat Form, Renounce Religion


You were on level 3 of the Dungeon.
You worshipped Vehumet.
Vehumet was aware of your devotion.
You were not thirsty.

You visited 1 branch of the dungeon, and saw 3 of its levels.

You collected 187 gold pieces.

Inventory:

Missiles
 d - 101 stones (quivered)
Armour
 a - a +0 robe (worn)
 k - a +0 cloak
Jewellery
 h - an amulet of the acrobat (around neck)
 i - a ring of positive energy (right hand)
 j - a ring of wizardry (left hand)
Scrolls
 b - a scroll of identify {@r1}
 e - 3 scrolls of remove curse {@r2}
Potions
 c - a potion of flight
 f - 6 potions of blood
 g - a potion of mutation


   Skills:
 - Level 2.1 Dodging
 - Level 3.0 Stealth
 + Level 3.1 Spellcasting
 - Level 5.2 Summonings


You had 2 spell levels left.
You knew the following spells:

 Your Spells              Type           Power        Failure   Level  Hunger
a - Magic Dart            Conj           #...         6%          1    None
b - Call Imp              Summ           ###.....     1%          2    ##.....
c - Call Canine Familiar  Summ           ###.....     2%          3    ###....
d - Sandblast             Erth           #.....       6%          1    None

Your spell library contained the following spells:

 Spells                   Type           Power        Failure   Level  Hunger
 Summon Small Mammal      Summ           ###.         1%          1    None
 Blink                    Tloc           N/A          10%         2    ##.....
 Slow                     Hex            #.......     10%         2    ##.....
 Summon Guardian Golem    Hex/Summ       ##......     7%          3    ###....
 Conjure Flame            Conj/Fire      #.......     19%         3    ###....
 Mephitic Cloud           Conj/Pois/Air  #.......     19%         3    ###....
 Summon Ice Beast         Ice/Summ       ##......     22%         4    ####...
 Summon Lightning Spire   Summ/Air       ##......     22%         4    ####...


Dungeon Overview and Level Annotations

Branches:
Dungeon (3/15)

Altars:
Makhleb
Vehumet


Innate Abilities, Weirdness & Mutations

You have razor-sharp teeth.
You have supernaturally acute eyesight. (SInv)
You can survive without breathing.


Message History

Aiming: Sandblast (safe; 6% risk of failure)
Press: ? - help, Shift-Dir - straight line, f/p - crimson imp
Aim: a crimson imp, wielding a +1 dagger of chaos (lightly wounded)
The blast of sand hits the crimson imp.
The crimson imp is lightly wounded.
d - 101 stones The crimson imp hits you but does no damage.
The crimson imp lashes its tail.
The crimson imp hits you with a +1 dagger of chaos.
The crimson imp freezes you.
Your limbs are stiffening.
You hit the crimson imp but do no damage.
The crimson imp hits you but does no damage.
You have turned to stone.
The crimson imp hits you but does no damage.
The crimson imp blinks!
The crimson imp hits you with a +1 dagger of chaos.
You turn to flesh and can move again.
The crimson imp blinks!
The crimson imp blinks!
Are you sure you want to abandon this character and quit the game? (Confirm with "yes".)

#...#...#......# #.......##
#..###.###.###.####<......##
#...#...#..# #...#####.#####
#..........# ####.####......
##.#####..####.._#.........##
#..# ##....'...#.........# #.##
####.# #.........## ###.#######
#.#####........... #.........#
#@#...#.........#( #.........#
#5..##...........#
#.........####.................
#...............########.......
#............##..###.....#.##.#
#.........##..##..#..#####..#.#
#.........###..##.#.## ##.#.#
#.........#.....#...# .#
###########.........#### .# .


You could see a crimson imp.

Vanquished Creatures
  3 adders (D:2)
  2 oozes (D:2)
  3 dart slugs
  2 leopard geckos
  3 giant cockroaches
  6 goblins
  A hobgoblin (D:2)
  4 frilled lizards
  A kobold (D:2)
  A rat (D:1)
26 creatures vanquished.

Vanquished Creatures (collateral kills)
  2 adders
  2 worms
  2 bats (D:2)
  2 giant cockroaches (D:1)
  2 goblins
  3 hobgoblins
  2 quokkas (D:2)
  A frilled lizard (D:1)
  2 kobolds (D:2)
  2 rats
20 creatures vanquished.

Grand Total: 46 creatures vanquished

Notes
Turn   | Place    | Note
-------+----------+-------------------------------------------
     0 | D:1      | EnegeticOcto the Vampire Summoner began the quest for the
                  | Orb.
     0 | D:1      | Reached XP level 1. HP: 13/13 MP: 3/3
   574 | D:1      | Reached XP level 2. HP: 16/19 MP: 3/5
   635 | D:1      | Learned a level 2 spell: Call Imp
  1998 | D:2      | Reached skill level 5 in Summonings
  2002 | D:2      | Reached XP level 3. HP: 14/24 MP: 3/6
  2084 | D:2      | Learned a level 3 spell: Call Canine Familiar
  2346 | D:2      | Noticed a phantom
  2560 | D:2      | Found a faded altar of an unknown god.
  2589 | D:2      | Learned a level 1 spell: Magic Dart
  2590 | D:2      | Became a worshipper of Vehumet
  2590 | D:2      | Reached * piety under Vehumet
  2590 | D:2      | Offered knowledge of Sandblast by Vehumet.
  2967 | D:2      | Reached XP level 4. HP: 20/30 MP: 1/8
  3074 | D:2      | Learned a level 1 spell: Sandblast
  4134 | D:3      | Found a radiant altar of Vehumet.
  4168 | D:3      | Found a burning altar of Makhleb.
  4235 | D:3      | Quit the game

Vault maps used:
D:1:      minmay_arrival_four_houses
D:2:      chequers_ecumenical_altar_twisty
D:3:      grunt_temple_overflow_champion_of_chaos, vehumet_crystals,
          first_ration

Skill      XL: |  1  2  3  4 |
---------------+-------------+-----
Summonings     | 5 |  5.2
Spellcasting   | 3 |  3.1
Dodging        | |  2.1
Stealth        | |  3.0

Action                   |  1- 3 |  4- 6 || total
-------------------------+-------+-------++-------
Melee: Unarmed           |   131 |    22 ||   153
       Bite              |    12 |     1 ||    13
Throw: Stone             |    18 |       ||    18
 Cast: Summon Small Mamm |    22 |       ||    22
       Call Imp          |     9 |     1 ||    10
       Magic Dart        |    27 |    41 ||    68
       Call Canine Famil |     1 |     1 ||     2
       Sandblast         |       |    19 ||    19
  Use: Potion            |     8 |       ||     8
       Scroll            |     4 |     2 ||     6
 Stab: Sleeping          |     1 |       ||     1
  Eat: Corpse            |     6 |       ||     6
Armor: Robe              |    30 |     9 ||    39
Dodge: Dodged            |   108 |    26 ||   134

Table legend:
 A = Non-vault XP
 B = Vault XP
 C = Vault XP percentage of total XP
 D = Non-vault monster count
 E = Vault monster count
 F = Vault count percentage of total count
                 A         B        C        D         E       F
            +---------+---------+-------+---------+---------+-------
      Total |     136 |       0 |   0.0 |      46 |       0 |   0.0
            +---------+---------+-------+---------+---------+-------
        D:1 |      27 |       0 |   0.0 |      14 |       0 |   0.0
        D:2 |      82 |       0 |   0.0 |      24 |       0 |   0.0
        D:3 |      27 |       0 |   0.0 |       8 |       0 |   0.0
            +---------+---------+-------+---------+---------+-------
